 Dungeon Crawl Stone Soup version 0.20.1-1-g8b1a95d (webtiles) character file.

30569 LoneRaider the Severer (level 13, 0/116 HPs)
             Began as a Minotaur Fighter on July 21, 2017.
             Was an Elder of Nemelex Xobeh.
             Slain by a starcursed mass (5 damage)
             ... on level 1 of the Elven Halls.
             The game lasted 01:50:10 (12652 turns).

LoneRaider the Severer (Minotaur Fighter)          Turns: 12652, Time: 01:50:11

Health: 0/116      AC: 29    Str: 26    XL:     13   Next: 21%
Magic:  8/15       EV: 10    Int:  2    God:    Nemelex Xobeh [****..]
Gold:   978        SH: 15    Dex: 13    Spells: 12/12 levels left

rFire    . . .     SeeInvis .   n - +5 war axe (elec)
rCold    . . .     Gourm    +   c - +2 shield
rNeg     + . .     Faith    .   g - +2 plate armour {rPois}
rPois    +         Spirit   .   (helmet restricted)
rElec    .         Reflect  .   C - +2 cloak
rCorr    .         Harm     .   v - +2 pair of gloves of the Onion {rN+ Int-3 Dex+3}
MR       .....                  d - +0 pair of boots
Stlth    ..........             j - amulet of the gourmand
Regen    0.0/turn               y - +1 ring of protection
MPRegen  0.2/turn               J - +3 ring of protection

@: non-regenerating, diseased, slowed, lost intelligence, very slow
A: retaliatory headbutt, horns 2, screaming 1
a: Triple Draw, Deal Four, Renounce Religion


You were on level 1 of the Elven Halls.
You worshipped Nemelex Xobeh.
Nemelex Xobeh was greatly pleased with you.
You were not hungry.

You visited 3 branches of the dungeon, and saw 14 of its levels.
You visited the Abyss 1 time.
You also visited: Bailey.

You collected 1656 gold pieces.
You spent 678 gold pieces at shops.

Inventory:

Hand Weapons
 n - a +5 war axe of electrocution (weapon)
Armour
 c - a +2 shield (worn)
 d - a +0 pair of boots (worn)
 g - a +2 plate armour of poison resistance (worn)
 i - a scarf of spirit shield
 v - the +2 pair of gloves of the Onion (worn) {rN+ Int-3 Dex+3}
   (You bought it in a shop on level 2 of the Orcish Mines)

   It affects your intelligence (-3).
   It affects your dexterity (+3).
   It protects you from negative energy.
 C - a +2 cloak (worn)
 M - a +2 chain mail of fire resistance
Jewellery
 j - an amulet of the gourmand (around neck)
 y - a +1 ring of protection (left hand)
 J - a +3 ring of protection (right hand)
Wands
 b - a wand of flame (6/48)
 h - a wand of polymorph (9/24)
 r - a wand of acid (10/15)
 E - a wand of lightning (2/15)
 S - a wand of enslavement (9/24)
 U - a wand of iceblast (1/15)
 X - a wand of confusion (24/48)
 Z - a wand of iceblast (5/15)
Scrolls
 q - 5 scrolls of remove curse
 A - 2 scrolls of identify
 B - 5 scrolls of teleportation
 F - 3 scrolls of amnesia
 G - a scroll of holy word {unknown}
Potions
 k - 5 potions of haste
 m - 4 potions of agility
 p - 2 potions of magic
 t - a potion of curing
 u - 2 potions of flight
 x - 2 potions of degeneration {unknown}
 z - a potion of cancellation {unknown}
 H - 2 potions of ambrosia
 V - a potion of resistance {unknown}
 Y - a potion of berserk rage {unknown}
Books
 R - a book of Necromancy

   Spells                             Type                      Level
   a - Pain                           Necromancy                   1
   b - Animate Skeleton               Necromancy                   1
   c - Vampiric Draining              Necromancy                   3
   d - Regeneration                   Charms/Necromancy            3
   e - Animate Dead                   Necromancy                   4
   f - Control Undead                 Necromancy                   4
 T - a book of Misfortune

   Spells                             Type                      Level
   a - Confusing Touch                Hexes                        1
   b - Confuse                        Hexes                        3
   c - Gell's Gravitas                Translocation                3
   d - Petrify                        Transmutation/Earth          4
   e - Metabolic Englaciation         Hexes/Ice                    5
   f - Yara's Violent Unravelling     Hexes/Transmutation          5
 W - a book of Alchemy

   Spells                             Type                      Level
   a - Sublimation of Blood           Necromancy                   2
   b - Ignite Poison                  Fire/Transmutation/Poison    3
   c - Petrify                        Transmutation/Earth          4
   d - Alistair's Intoxication        Transmutation/Poison         5
   e - Irradiate                      Conjuration/Transmutation    5
Miscellaneous
 e - a plain deck of destruction {drawn: 1}
 o - a plain deck of escape {drawn: 1}
 s - a plain deck of destruction {drawn: 7}
 K - a plain deck of destruction
 N - a plain deck of summoning {drawn: 12}
 P - a plain deck of summoning {drawn: 1}
 Q - a plain deck of summoning
Comestibles
 f - 6 bread rations
 l - 9 meat rations
 D - a fruit
 O - a royal jelly


   Skills:
 + Level 11.3 Fighting
   Level 3.2 Long Blades
 + Level 16.1 Axes
 + Level 10.8 Armour
 * Level 6.4 Dodging
 + Level 12.3 Shields
 + Level 4.0 Invocations
 + Level 1.0 Evocations


You had 12 spell levels left.
You didn't know any spells.

Dungeon Overview and Level Annotations

Branches:
Dungeon (11/15)            Temple (0/1) D:7            Lair (0/6) D:11
    Orc (2/2) D:11            Elf (1/3) Orc:2

Altars:
Fedhas
Hepliaklqana
Nemelex Xobeh
Ru
Sif Muna
Yredelemnul
Beogh

Shops:
D:8 !   Orc:2 [([*[


Innate Abilities, Weirdness & Mutations

You reflexively headbutt those who attack you in melee.
You have a pair of horns on your head.
You occasionally shout uncontrollably at your foes.


Message History

A deafening chorus of shrieks assaults your mind!
* * * LOW HITPOINT WARNING * * *
The starcursed mass engulfs you!
* * * LOW HITPOINT WARNING * * *
There is a gateway leading out of the Abyss, spattered with blood here.
A deafening chorus of shrieks assaults your mind!
* * * LOW HITPOINT WARNING * * *
The starcursed mass engulfs you!
* * * LOW HITPOINT WARNING * * *
You block the starcursed mass's attack. x2
You pass through the gate.
Welcome back to the Elven Halls!
The deep elf mage gestures wildly while chanting.
The deep elf sorcerer casts a spell.
The deep elf sorcerer seems to speed up.
You draw a card...
It is the Cloud.
Clouds appear around you!
You block the deep elf sorcerer's attack.
The starcursed mass engulfs you.
You die...
Your body glows with a rainbow of weird colours and disappears.

#.# #.# #e# #.# #.#
### #e# +##.### ##(##
###§....### #.(.#
#XX§......#
#..)#######@§§......#
##.(errer§e§X§......+
#.########§§§......#
### #[........#
###...<.### ###.###
###


You could see 3 starcursed masses, a deep elf sorcerer, a deep elf archer, a
deep elf mage and 3 hell rats.

Vanquished Creatures
  2 tentacled starspawn (Abyss:3)
  A deep elf sorcerer (Abyss:3)
  2 orc warlords
  A great orb of eyes (Abyss:3)
  3 two-headed ogres
  2 dancing weapons
  A sun demon (Abyss:3)
  Pikel (D:4)
  2 orc knights (Orc:1)
  A cyclops (D:11)
  Maurice (D:9)
  A smoke demon (Abyss:3)
  An orange demon (Abyss:3)
  5 trolls
  2 ancient zymes (Abyss:3)
  A hornet (D:11)
  A wraith (Abyss:3)
  2 large abominations (Abyss:3)
  A shadow (D:11)
  2 hungry ghosts
  6 yaks (D:9)
  A chaos spawn (Abyss:3)
  2 neqoxecs (Abyss:3)
  7 wargs
  2 water moccasins
  Duvessa (D:7)
  3 ice beasts
  27 orc warriors
  3 black bears
  2 phantoms
  4 slaves (D:4)
  2 necrophages
  A small abomination (Abyss:3)
  An eye of draining (Abyss:3)
  8 ogres
  8 centaurs
  2 big kobolds
  Blork the orc (D:5)
  9 bullfrogs
  8 gnoll sergeants (Bailey)
  Dowan (D:7)
  3 scorpions
  4 crimson imps
  3 bullfrog zombies
  3 starcursed masses (Abyss:3)
  3 hounds
  26 orc priests
  4 jellies
  6 gnoll shamans (Bailey)
  2 bullfrog skeletons
  4 centaur skeletons
  3 iguanas
  6 worker ants
  28 orc wizards
  3 hound skeletons
  12 adders
  22 gnolls
  2 adder skeletons (D:5)
  An adder zombie (D:9)
  3 worms
  2 dart slugs
  3 leopard geckos
  103 orcs
  13 bats
  10 giant cockroaches
  13 goblins
  8 hobgoblins
  6 jackals
  6 quokkas
  A ball python (D:1)
  6 frilled lizards
  A jackal skeleton (D:4)
  15 kobolds
  7 rats
  13 fungi (Elf:1)
  6 starspawn tentacles (Abyss:3)
483 creatures vanquished.

Vanquished Creatures (collateral kills)
  A dancing weapon (Elf:1)
  A deep elf knight (Elf:1)
  2 orc knights
  2 deep elf magi (Elf:1)
  A troll (Orc:2)
  Sigmund (D:4)
  11 orc warriors
  A swamp dragon skeleton (Abyss:3)
  A gnoll sergeant (Orc:1)
  2 orc priests
  Crazy Yiuf (D:7)
  5 orc wizards
  4 gnolls
  15 orcs
48 creatures vanquished.

Vanquished Creatures (others)
  An air elemental (Elf:1)
  10 starspawn tentacles (Abyss:3)
11 creatures vanquished.

Grand Total: 542 creatures vanquished

Notes
Turn   | Place    | Note
-------+----------+-------------------------------------------
     0 | D:1      | LoneRaider the Minotaur Fighter began the quest for the Orb.
     0 | D:1      | Reached XP level 1. HP: 19/19 MP: 0/0
   116 | D:1      | Reached XP level 2. HP: 27/27 MP: 1/1
   725 | D:2      | Reached XP level 3. HP: 14/33 MP: 2/2
  1335 | D:2      | Reached XP level 4. HP: 39/40 MP: 3/3
  1614 | D:2      | Reached skill level 1 in Axes
  1909 | D:3      | Reached skill level 2 in Axes
  1933 | D:3      | Reached XP level 5. HP: 39/46 MP: 4/4
  1986 | D:3      | Reached skill level 3 in Axes
  1991 | D:3      | Reached skill level 1 in Dodging
  2334 | D:3      | Found a deep blue altar of Sif Muna.
  2546 | D:3      | Noticed an orc warrior
  2551 | D:3      | Killed an orc warrior
  2551 | D:3      | Reached skill level 4 in Axes
  2551 | D:3      | Reached XP level 6. HP: 34/53 MP: 2/5
  2556 | D:3      | Reached skill level 5 in Axes
  2916 | D:4      | Noticed a slave
  2919 | D:4      | Noticed a slave
  2929 | D:4      | Noticed Pikel
  2934 | D:4      | Noticed a slave
  2934 | D:4      | Noticed a slave
  2936 | D:4      | Killed a slave
  2939 | D:4      | Killed a slave
  2941 | D:4      | Killed a slave
  2944 | D:4      | Killed a slave
  2946 | D:4      | Killed Pikel
  2946 | D:4      | Reached skill level 5 in Fighting
  2946 | D:4      | Reached skill level 7 in Axes
  2946 | D:4      | Reached skill level 5 in Armour
  2946 | D:4      | Reached skill level 5 in Shields
  2946 | D:4      | Reached XP level 7. HP: 18/61 MP: 6/6
  3245 | D:4      | Found a sparkling altar of Nemelex Xobeh.
  3246 | D:4      | Found a blossoming altar of Fedhas.
  3264 | D:4      | Became a worshipper of Nemelex Xobeh the Trickster
  3320 | D:4      | Reached skill level 8 in Axes
  3320 | D:4      | Reached XP level 8. HP: 68/68 MP: 7/7
  3420 | D:4      | Received a gift from Nemelex Xobeh
  3549 | D:4      | Noticed Sigmund
  3558 | D:4      | Killed Sigmund
  3792 | D:5      | Entered Level 5 of the Dungeon
  3874 | D:5      | Noticed Blork the orc
  3881 | D:5      | Killed Blork the orc
  4073 | D:5      | Reached skill level 9 in Axes
  4082 | D:5      | Reached * piety under Nemelex Xobeh
  4259 | D:5      | Received a gift from Nemelex Xobeh
  4512 | D:5      | Found a basalt altar of Yredelemnul.
  4709 | D:6      | Reached skill level 10 in Axes
  4709 | D:6      | Reached XP level 9. HP: 60/75 MP: 8/8
  4749 | D:6      | Found a basalt altar of Yredelemnul.
  4826 | D:6      | Reached skill level 1 in Invocations
  4871 | D:6      | Received a gift from Nemelex Xobeh
  5033 | D:6      | Reached ** piety under Nemelex Xobeh
  5079 | D:6      | Received a gift from Nemelex Xobeh
  5306 | D:6      | Reached skill level 11 in Axes
  5450 | D:7      | Noticed Duvessa
  5450 | D:7      | Noticed Dowan
  5475 | D:7      | Killed Duvessa
  5478 | D:7      | Killed Dowan
  5563 | D:7      | Got a warped ring mail
  5564 | D:7      | Identified the +7 ring mail of the Tired Scars {MR+ Str-5 Dex+3 SInv} (You found it on level 7 of the Dungeon)
  5719 | D:7      | Found a flagged portal.
  5804 | Bailey   | Entered a bailey
  5804 | Bailey   | Received a gift from Nemelex Xobeh
  6074 | Bailey   | Reached XP level 10. HP: 73/86 MP: 8/10
  6258 | D:7      | Found a runed door.
  6263 | D:7      | Noticed Crazy Yiuf
  6267 | D:7      | Killed Crazy Yiuf
  6321 | D:7      | Found a staircase to the Ecumenical Temple.
  6430 | D:7      | Found a hazy altar of Hepliaklqana.
  6570 | D:8      | Received a gift from Nemelex Xobeh
  6651 | D:8      | Found Isit Nubbo's Distillery.
  6656 | D:8      | Bought 2 potions of curing for 60 gold pieces
  6656 | D:8      | Bought a potion of might for 40 gold pieces
  6669 | D:8      | Found a sacrificial altar of Ru.
  6675 | D:8      | Reached *** piety under Nemelex Xobeh
  6973 | D:8      | Reached skill level 12 in Axes
  7153 | D:9      | Noticed Maurice
  7162 | D:9      | Killed Maurice
  7287 | D:9      | Received a gift from Nemelex Xobeh
  7355 | D:9      | Reached skill level 13 in Axes
  7862 | D:10     | Entered Level 10 of the Dungeon
  7937 | D:10     | Noticed a two-headed ogre
  7943 | D:10     | Killed a two-headed ogre
  7951 | D:10     | Reached XP level 11. HP: 86/95 MP: 9/11
  8221 | D:11     | Found a staircase to the Orcish Mines.
  8325 | D:11     | Received a gift from Nemelex Xobeh
  8371 | D:11     | Reached **** piety under Nemelex Xobeh
  8535 | D:11     | Reached skill level 10 in Shields
  8982 | D:11     | Noticed a two-headed ogre
  8986 | D:11     | Killed a two-headed ogre
  9152 | D:11     | Found a staircase to the Lair.
  9346 | D:11     | Reached skill level 14 in Axes
  9380 | D:11     | Noticed a two-headed ogre
  9386 | D:11     | Killed a two-headed ogre
  9468 | Orc:1    | Entered Level 1 of the Orcish Mines
  9468 | Orc:1    | Noticed an orc knight
  9473 | Orc:1    | Noticed an orc warlord
  9478 | Orc:1    | Killed an orc knight
  9505 | D:11     | Killed an orc warlord
  9705 | Orc:1    | Received a gift from Nemelex Xobeh
  9818 | Orc:1    | Noticed an orc knight
  9835 | Orc:1    | Killed an orc knight
  9929 | Orc:1    | Received a gift from Nemelex Xobeh
 10005 | Orc:1    | Found a runed door.
 10056 | Orc:1    | Noticed an orc knight
 10064 | Orc:1    | Reached skill level 10 in Fighting
 10078 | Orc:1    | Killed an orc knight
 10250 | Orc:1    | Found a roughly hewn altar of Beogh.
 10299 | Orc:2    | Entered Level 2 of the Orcish Mines
 10299 | Orc:2    | Found a staircase to the Elven Halls.
 10359 | Orc:2    | Reached XP level 12. HP: 106/106 MP: 12/12
 10375 | Orc:2    | Noticed an orc warlord
 10403 | Orc:2    | Found Doohij's Antique Armour Emporium.
 10425 | Orc:2    | Killed an orc warlord
 10425 | Orc:2    | Reached skill level 15 in Axes
 10433 | Orc:2    | Reached skill level 10 in Armour
 10640 | Orc:2    | Found Ippyhaci's Antique Weapon Shoppe.
 10640 | Orc:2    | Found a roughly hewn altar of Beogh.
 11045 | Orc:2    | Found a roughly hewn altar of Beogh.
 11152 | Orc:2    | Found Nyzel's Antique Armour Shop.
 11168 | Orc:2    | Bought a pair of warped gloves for 323 gold pieces
 11178 | Orc:2    | Identified the +2 pair of gloves of the Onion {rN+ Int-3 Dex+3} (You bought it in a shop on level 2 of the Orcish Mines)
 11212 | Orc:2    | Bought a glowing cloak for 255 gold pieces
 11358 | Orc:2    | Found a roughly hewn altar of Beogh.
 11453 | Orc:2    | Found a roughly hewn altar of Beogh.
 11472 | Orc:2    | Found Michaiwk's General Store.
 11652 | Orc:2    | Found a roughly hewn altar of Beogh.
 11706 | Orc:2    | Found Uxoesh's Armour Boutique.
 12048 | Elf:1    | Entered Level 1 of the Elven Halls
 12326 | Elf:1    | Noticed a deep elf annihilator
 12348 | Elf:1    | Noticed a deep elf sorcerer
 12391 | Elf:1    | Cast into level 3 of the Abyss (a deep elf sorcerer)
 12445 | Abyss:3  | Noticed a great orb of eyes
 12453 | Abyss:3  | Killed a great orb of eyes
 12453 | Abyss:3  | Reached skill level 5 in Dodging
 12456 | Abyss:3  | Noticed a deep elf sorcerer
 12463 | Abyss:3  | Killed a deep elf sorcerer
 12463 | Abyss:3  | Reached skill level 1 in Evocations
 12560 | Abyss:3  | Lost intelligence.
 12567 | Abyss:3  | Gained mutation: You occasionally shout uncontrollably at your foes. [a neqoxec]
 12575 | Abyss:3  | Noticed a starcursed mass
 12584 | Abyss:3  | Killed a starcursed mass
 12585 | Abyss:3  | Noticed a tentacled starspawn
 12605 | Abyss:3  | Killed a tentacled starspawn
 12605 | Abyss:3  | Reached XP level 13. HP: 95/116 MP: 14/14
 12621 | Abyss:3  | Noticed a tentacled starspawn
 12633 | Abyss:3  | Noticed a starcursed mass
 12635 | Abyss:3  | Killed a tentacled starspawn
 12635 | Abyss:3  | Reached skill level 16 in Axes
 12650 | Abyss:3  | HP: 5/116 [starcursed mass (7)]
 12651 | Elf:1    | Escaped the Abyss
 12652 | Elf:1    | Slain by a starcursed mass

Skill      XL: |  1  2  3  4  5  6  7  8  9 10 11 12 13 |
---------------+----------------------------------------+-----
Shields        | 4 5 6 8 9 11 12 | 12.3
Armour         | 4 5 6 7 8 9 10 | 10.8
Fighting       | 4 5 6 7 8 10 11 | 11.3
Long Blades    | 3 |  3.2
Axes           | 2 4 7 8 10 11 13 14 15 16 | 16.1
Dodging        | 1 2 6 |  6.4
Invocations    | 1 2 3 4 |  4.0
Evocations     | 1 |  1.0

Action                   |  1- 3 |  4- 6 |  7- 9 | 10-12 | 13-15 || total
-------------------------+-------+-------+-------+-------+-------++-------
Melee: Long sword        |    84 |     2 |       |       |       ||    86
       Headbutt          |    14 |    13 |    42 |   134 |     9 ||   212
       War axe           |       |   107 |   237 |   608 |    27 ||   979
Invok: Triple Draw       |       |       |       |     2 |       ||     2
Evoke: Deck              |       |       |     8 |    34 |     1 ||    43
       Wand              |       |       |       |     6 |       ||     6
       Sack of spiders   |       |       |       |     1 |       ||     1
  Use: Scroll            |       |     9 |    17 |     8 |       ||    34
       Potion            |       |     1 |     2 |    16 |     1 ||    20
  Eat: Meat ration       |     1 |       |       |       |       ||     1
       Fruit             |       |     2 |       |     4 |       ||     6
       Royal jelly       |       |       |     3 |     1 |       ||     4
       Bread ration      |       |       |     1 |     2 |       ||     3
       Chunk             |       |       |       |    16 |       ||    16
Armor: Scale mail        |    72 |    12 |       |       |       ||    84
       Plate armour      |       |    54 |   122 |   184 |    20 ||   380
       Leather armour    |       |       |     1 |       |       ||     1
       Chain mail        |       |       |       |     1 |       ||     1
Dodge: Dodged            |    40 |    19 |    43 |    84 |    19 ||   205
Block: Shield            |    76 |    50 |   181 |   334 |    35 ||   676
       Rpst.: Long sword |    12 |       |       |       |       ||    12
